 Dungeon Crawl Stone Soup version 0.19-a0-1107-gc676ff4 (webtiles) character file.

3065 Leszczynek the Carver (level 9, -1/59 HPs)
             Began as a High Elf Gladiator on Aug 9, 2016.
             Was an Initiate of Yredelemnul.
             Succumbed to a water moccasin's poison
             ... on level 8 of the Dungeon.
             The game lasted 00:16:20 (6743 turns).

Leszczynek the Carver (High Elf Gladiator)          Turns: 6743, Time: 00:16:20

Health: -1/59      AC:  8    Str: 18    XL:     9   Next: 57%
Magic:  10/10      EV: 15    Int: 12    God:    Yredelemnul [......]
Gold:   374        SH:  6    Dex: 20    Spells: 0 memorised, 8 levels left

rFire  . . .     SeeInvis .     a - +1 long sword
rCold  + . .     Gourm    .     e - +0 ring mail
rNeg   . . .     Faith    .     m - +0 buckler
rPois  .         Spirit   .     c - +1 helmet
rElec  .         Dismiss  .     x - +0 cloak
rCorr  .         Reflect  .     (no gloves)
SustAt .         Harm     .     (no boots)
MR     .....     Rnd*Tele +     (no amulet)
Stlth  +.........               l - ring of wizardry
                                j - +4 ring of strength

@: lethally poisoned (-1 -> -14)
A: cold resistance 1, teleportitis 1, evolution 1
a: Renounce Religion


You were on level 8 of the Dungeon.
You worshipped Yredelemnul.
Yredelemnul was noncommittal.
You were not hungry.

You visited 2 branches of the dungeon, and saw 9 of its levels.

You collected 374 gold pieces.

Inventory:

Hand Weapons
 a - a +1 long sword (weapon)
 v - a +2 shortbow of velocity
 y - a +0 shortbow of flaming
Missiles
 d - 3 throwing nets (quivered)
 k - 2 tomahawks
 q - 152 arrows
 r - 103 sling bullets
Armour
 c - a +1 helmet (worn)
 e - a +0 ring mail (worn)
 m - a +0 buckler (worn)
 x - a +0 cloak (worn)
Jewellery
 j - a +4 ring of strength (left hand)
 l - a ring of wizardry (right hand)
Scrolls
 b - 2 scrolls of identify
 g - 2 scrolls of recharging
 h - 3 scrolls of teleportation
 i - 2 scrolls of enchant weapon
 p - 2 scrolls of blinking
 t - 3 scrolls of magic mapping
 u - a scroll of remove curse
Potions
 n - a potion of agility
 o - a potion of magic
Comestibles
 f - 3 bread rations
 s - 3 meat rations


   Skills:
 + Level 4.5 Fighting
 * Level 11.3 Long Blades
 - Level 2.0 Throwing
 + Level 6.3 Dodging
 - Level 6.7 Shields


You had 8 spell levels left.
You didn't know any spells.

Dungeon Overview and Level Annotations

Branches:
Dungeon (8/15)             Temple (1/1) D:7
   Lair: D:8-11

Altars:
Ashenzari
Dithmenos
Elyvilon
Gozag
Hepliaklqana
Pakellas
Qazlal
Ru
Uskayaw
Vehumet
Xom
Yredelemnul
The Shining One


Innate Abilities, Weirdness & Mutations

Your flesh is cold resistant. (rC+)
You are occasionally teleported next to monsters.
You evolve.


Message History

You feel very sick.
* * * LOW HITPOINT WARNING * * *
You feel sick.
You see here 17 gold pieces.
There is a lethal amount of poison in your body!
Enter note: gg
* * * LOW HITPOINT WARNING * * *
You feel sick.
* * * LOW HITPOINT WARNING * * *
You feel sick.
* * * LOW HITPOINT WARNING * * *
You feel sick.
* * * LOW HITPOINT WARNING * * *
You feel sick.
* * * LOW HITPOINT WARNING * * *
You feel sick.
* * * LOW HITPOINT WARNING * * *
You feel sick.
You die...
Your body rises from the dead as a mindless zombie.

#......####.....#.####
#.....................
#......####.##..##.###
#####..##..[##.###..##
#....###'####.# ##..#
#...†#.....##.####...
#....#.....#.........
#....#.._).#..######.
#...@#.....#### ##
#....#.....#
##...###'########
#..............#####
#.....#...####......
#.....#...# #######
#######...# #...#
#...#


There were no monsters in sight!

Vanquished Creatures
  Pikel (D:7)
  Sigmund (D:3)
  2 hungry ghosts
  A hippogriff (D:8)
  Menkaure (D:7)
  A water moccasin (D:8)
  An ice beast (D:3)
  A black bear (D:8)
  2 phantoms (D:7)
  2 ogres
  3 centaurs
  A giant frog (D:7)
  A wyvern skeleton (D:7)
  A wyvern zombie (D:7)
  A killer bee (D:7)
  2 howler monkeys
  A centaur zombie (D:5)
  A crimson imp (D:8)
  A gnoll shaman (D:5)
  2 hounds
  2 jellies (D:8)
  3 orc wizards
  3 orc priests
  Ijyb (D:3)
  An iguana (D:8)
  5 worker ants
  A killer bee zombie (D:5)
  A hound zombie (D:7)
  A worker ant zombie (D:8)
  7 gnolls
  6 adders
  A shadow imp (D:5)
  An adder zombie (D:8)
  2 worms
  3 dart slugs
  3 giant geckos
  13 orcs
  6 giant cockroaches
  5 goblins
  8 hobgoblins
  7 kobolds
  A quokka (D:3)
  2 ball pythons
  6 bats
  5 giant newts
  5 rats
126 creatures vanquished.

Vanquished Creatures (others)
  3 slaves (D:7)
  A scorpion (D:7)
  An orc wizard (D:7)
  4 orcs (D:7)
9 creatures vanquished.

Grand Total: 135 creatures vanquished

Notes
Turn   | Place    | Note
-------+----------+-------------------------------------------
     0 | D:1      | Leszczynek the High Elf Gladiator began the quest for the Orb.
     0 | D:1      | Reached XP level 1. HP: 14/14 MP: 2/2
    52 | D:1      | Reached skill level 4 in Long Blades
    65 | D:1      | Reached XP level 2. HP: 15/19 MP: 3/3
   873 | D:2      | Reached skill level 5 in Long Blades
   976 | D:2      | Reached XP level 3. HP: 24/24 MP: 4/4
  1981 | D:3      | Reached XP level 4. HP: 29/29 MP: 5/5
  2129 | D:3      | Noticed Ijyb
  2140 | D:3      | Killed Ijyb
  2140 | D:3      | Reached skill level 6 in Long Blades
  2194 | D:3      | Reached XP level 5. HP: 34/34 MP: 6/6
  2210 | D:3      | Found a white marble altar of Elyvilon.
  2213 | D:3      | Reached skill level 7 in Long Blades
  2324 | D:3      | Found a faded altar of an unknown god.
  2419 | D:3      | Noticed Sigmund
  2433 | D:3      | Killed Sigmund
  2433 | D:3      | Reached skill level 8 in Long Blades
  2433 | D:3      | Reached XP level 6. HP: 13/39 MP: 7/7
  2724 | D:3      | Noticed an ice beast
  2752 | D:3      | Killed an ice beast
  2752 | D:3      | Reached skill level 9 in Long Blades
  2833 | D:3      | Found a hazy altar of Hepliaklqana.
  3214 | D:4      | Reached XP level 7. HP: 40/45 MP: 8/8
  3318 | D:4      | Found a shattered altar of Ashenzari.
  3435 | D:4      | Found a radiant altar of Vehumet.
  3469 | D:4      | Found a stormy altar of Qazlal.
  3469 | D:4      | Found a sacrificial altar of Ru.
  3540 | D:4      | Reached skill level 4 in Dodging
  3634 | D:5      | Entered Level 5 of the Dungeon
  4475 | D:6      | You fall through a shaft!
  4476 | D:7      | fuck
  4481 | D:7      | Noticed Menkaure
  4488 | D:7      | Gained mutation: Your flesh is cold resistant. (rC+) [potion of mutation]
  4488 | D:7      | Gained mutation: You are occasionally teleported next to monsters. [potion of mutation]
  4488 | D:7      | Gained mutation: You evolve. [potion of mutation]
  4494 | D:7      | Killed Menkaure
  4494 | D:7      | Reached skill level 2 in Shields
  4510 | D:7      | Reached skill level 3 in Shields
  4510 | D:7      | Reached XP level 8. HP: 31/51 MP: 9/9
  4565 | D:7      | nice
  4565 | D:7      | can i quit?
  4675 | D:7      | Noticed Pikel
  4709 | D:7      | Killed Pikel
  4709 | D:7      | Reached skill level 5 in Shields
  4719 | D:7      | Reached skill level 6 in Shields
  5060 | D:7      | Reached skill level 10 in Long Blades
  5317 | D:7      | Reached skill level 5 in Dodging
  5363 | D:7      | Found a staircase to the Ecumenical Temple.
  5470 | D:7      | Reached skill level 3 in Fighting
  5470 | D:7      | Reached XP level 9. HP: 53/56 MP: 10/10
  5500 | Temple   | Entered the Ecumenical Temple
  5510 | Temple   | Became a worshipper of Yredelemnul the Dark
  5988 | D:8      | Found a glowing golden altar of the Shining One.
  6199 | D:8      | Reached skill level 4 in Fighting
  6418 | D:8      | Reached skill level 6 in Dodging
  6595 | D:8      | Reached skill level 11 in Long Blades
  6737 | D:8      | gg
  6739 | D:8      | HP: 4/59 [poisoned by a water moccasin]
  6742 | D:8      | HP: 1/59 [poisoned by a water moccasin]
  6743 | D:8      | Succumbed to a water moccasin's poison

Vault maps used:
D:1:      moated_graveyard_arrival
D:2:      minmay_tall_x
D:3:      nicolae_overflow_crystal_walls, nicolae_overflow_hidden_temple,
          ecumenical_altar_2, first_bread, uniq_iyjb, uniq_sigmund
D:4:      gammafunk_temple_overflow_elements, vehumet_crystals,
          overflow_temple_1_default
D:7:      uniq_pikel, uniq_menkaure
D:8:      kennysheep_little_box
Temple:   dshaligram_water_room_temple

Skill      XL: |  1  2  3  4  5  6  7  8  9 |
---------------+----------------------------+-----
Long Blades    | 4 5 6 8 9 10 11 | 11.3
Dodging        | 4 5 6 |  6.3
Shields        | 3 6 |  6.7
Fighting       | 3 4 |  4.5
Throwing       | |  2.0

Action                   |  1- 3 |  4- 6 |  7- 9 || total
-------------------------+-------+-------+-------++-------
Melee: Long sword        |   112 |   146 |   378 ||   636
  Use: Scroll            |     2 |     3 |     8 ||    13
       Potion            |     1 |     7 |     3 ||    11
  Eat: Chunk             |     3 |     3 |     5 ||    11
       Beef jerky        |       |     1 |       ||     1
       Bread ration      |       |       |     4 ||     4
Armor: Ring mail         |    20 |    24 |    56 ||   100
Dodge: Dodged            |    58 |    75 |   161 ||   294
Block: Buckler           |       |       |    56 ||    56
